 Dungeon Crawl Stone Soup version 0.23.1-38-g628c18f423 (webtiles) character file.

Game seed: 14253665450746412294

367 Banto the Skirmisher (level 6, -2/60 HPs)
             Began as a Demigod Wanderer on Mar 29, 2019.
             Slain by Duvessa
             ... wielding a +2 short sword of holy wrath
              (10 damage)
             ... on level 4 of the Dungeon.
             The game lasted 00:04:09 (3804 turns).

Banto the Skirmisher (Demigod Wanderer)             Turns: 3804, Time: 00:04:09

Health: -2/60      AC:  5    Str: 16    XL:     6   Next: 17%
Magic:  8/8        EV: 11    Int: 15    God:
Gold:   218        SH:  0    Dex: 19    Spells: 5/5 levels left

rFire    . . .     SeeInvis .   a - +2 quarterstaff
rCold    . . .     Gourm    .   (shield currently unavailable)
rNeg     . . .     Faith    .   h - +0 leather armour
rPois    .         Spirit   .   q - +1 helmet
rElec    .         Reflect  .   (no cloak)
rCorr    .         Harm     .   (no gloves)
MR       .....                  (no boots)
Stlth    ++........             v - amulet of magic regeneration
HPRegen  0.20/turn              (no ring)
MPRegen  0.36/turn              (no ring)

@: no status effects
A: high mp 1
a: no special abilities


You were on level 4 of the Dungeon.
You were hungry.

You visited 1 branch of the dungeon, and saw 4 of its levels.

You collected 218 gold pieces.

Inventory:

Hand Weapons
 a - a +2 quarterstaff (weapon)
Missiles
 n - 3 javelins (quivered)
Armour
 h - a +0 leather armour (worn)
 q - a +1 helmet (worn)
Jewellery
 v - an amulet of magic regeneration (around neck)
Wands
 p - a wand of random effects (14)
Scrolls
 c - 2 scrolls of teleportation
 d - 2 scrolls of fear {unknown}
 m - 2 scrolls of remove curse
 r - a scroll of amnesia
 u - a scroll of fog
 w - 3 scrolls of enchant armour
Potions
 b - 2 potions of lignification
 g - a potion of resistance {unknown}
 i - a potion of brilliance
 k - a potion of might
 l - 2 potions of curing
 o - a potion of ambrosia {unknown}
 t - a potion of berserk rage {unknown}
Comestibles
 f - 4 rations
 j - 3 chunks of flesh


   Skills:
 + Level 7.1 Fighting
 - Level 1.7 Staves
 - Level 1.7 Armour
 - Level 1.7 Stealth


You had 5 spell levels left.
You didn't know any spells.
Your spell library was empty.

Dungeon Overview and Level Annotations

Branches:
Dungeon (4/15)
 Temple: D:4-7

Annotations:
D:3 Pikel
D:4 Duvessa


Innate Abilities, Weirdness & Mutations

You have an increased reservoir of magic. (+10% MP)


Message History

* * * LOW HITPOINT WARNING * * *
You hit Duvessa.
Duvessa is almost dead.
Duvessa closely misses you.
You barely miss Duvessa.
Duvessa is almost dead.
Duvessa hits you with a +2 short sword of holy wrath.
* * * LOW HITPOINT WARNING * * *
Duvessa hits you but does no damage.
You hit Duvessa.
Duvessa is almost dead.
Duvessa hits you but does no damage.
You completely miss Duvessa.
Duvessa is almost dead.
Duvessa hits you with a +2 short sword of holy wrath.
* * * LOW HITPOINT WARNING * * *
You closely miss Duvessa.
Duvessa is almost dead.
Duvessa hits you with a +2 short sword of holy wrath!
You die...

. ##.#.##..#### #
#.#.##.##..###+###..##
#......#.......<...%.#
#.#.###...............#
#######.# #............%..#
..$...#.# #...............#
#####...###...............#
#####...................#
#.............@e........#
#........#.............##
###........##.....#.....
...........######## ####
#.#........# .........>.#
#######.#### #.....#.#
.#####..#


You could see Duvessa.

Vanquished Creatures
  3 slaves
  An orc priest (D:3)
  A hound (D:4)
  An iron imp (D:4)
  Terence (D:2)
  An iguana (D:4)
  A worker ant (D:4)
  Robin (D:2)
  10 adders
  A worm (D:2)
  4 dart slugs
  2 leopard geckos
  8 orcs
  3 giant cockroaches
  9 goblins
  13 hobgoblins
  4 jackals (D:2)
  A quokka (D:3)
  A ball python (D:2)
  8 bats
  4 frilled lizards
  11 kobolds
  6 rats
95 creatures vanquished.

Notes
Turn   | Place    | Note
-------+----------+-------------------------------------------
     0 | D:1      | Banto the Demigod Wanderer began the quest for the Orb.
     0 | D:1      | Banto set off with the following items: a +2 quarterstaff,
                  | a potion of lignification, a scroll of teleportation, a +0
                  | robe, a +0 dagger, a ration
     0 | D:1      | Reached XP level 1. HP: 19/19 MP: 3/3
   122 | D:1      | Reached skill level 4 in Fighting
   245 | D:1      | Reached XP level 2. HP: 22/27 MP: 4/4
   984 | D:2      | Noticed Robin
  1027 | D:2      | Killed Robin
  1027 | D:2      | Reached XP level 3. HP: 15/34 MP: 5/5
  1241 | D:2      | Reached skill level 5 in Fighting
  1421 | D:2      | Noticed Terence
  1429 | D:2      | Killed Terence
  1429 | D:2      | Reached XP level 4. HP: 27/42 MP: 6/6
  1587 | D:2      | Found a stormy altar of Qazlal.
  1627 | D:2      | Found an ancient bone altar of Kikubaaqudgha.
  1628 | D:2      | Found a shadowy altar of Dithmenos.
  2455 | D:3      | Reached skill level 6 in Fighting
  2458 | D:3      | Reached XP level 5. HP: 43/50 MP: 7/7
  2995 | D:4      | Noticed a slave
  2996 | D:4      | Noticed a slave
  3002 | D:4      | Noticed Pikel
  3007 | D:4      | Noticed a slave
  3276 | D:4      | Reached XP level 6. HP: 49/58 MP: 8/8
  3285 | D:4      | Found a snail-covered altar of Cheibriados.
  3332 | D:4      | Found a burning altar of Makhleb.
  3334 | D:4      | Found a radiant altar of Vehumet.
  3335 | D:4      | Found a shattered altar of Ashenzari.
  3356 | D:4      | Reached skill level 7 in Fighting
  3364 | D:4      | Noticed Duvessa
  3804 | D:4      | Slain by Duvessa

Skill      XL: |  1  2  3  4  5  6 |
---------------+-------------------+-----
Fighting       | 4 5 6 7 |  7.1
Staves         | |  1.7
Armour         | |  1.7
Stealth        | |  1.7

Action                   |  1- 3 |  4- 6 || total
-------------------------+-------+-------++-------
Melee: Quarterstaff      |    87 |   188 ||   275
  Use: Scroll            |       |    10 ||    10
 Stab: Sleeping          |     4 |     6 ||    10
  Eat: Chunk             |     2 |     7 ||     9
Armor: Leather armour    |    15 |    57 ||    72
       Robe              |     1 |       ||     1
Dodge: Dodged            |    61 |   113 ||   174
